Map: Rorschach LE

Players

RipNHammer - Winner!

  • Race: Terran Terran
  • League: Master
  • Spawn Location: 7:00

SoccerMom

  • Race: Zerg Zerg
  • League: Master
  • Spawn Location: 5:00

VOD

Have the link to the VOD?

Description

Time

  • Played on: Sept. 6, 2026, 4:29 p.m.
  • Length: 17:10
Show
View Real Time Build Order
Export as new Build Order

RipNHammer Terran - Winner!

Build Orders: Reaper Expand, Hellion Banshee, Mech 

Get SALT Encoding   

  8  0:00  SCV  
  9  0:12  SCV  
  10  0:24  SCV  
  11  0:36  SCV  
  11  0:40  Supply Depot  
  12  0:48  SCV  
  13  0:53  Refinery  
  13  1:02  SCV  
  14  1:06  Barracks  
  14  1:14  SCV  
  15  1:26  SCV  
  16  1:38  SCV  
  17  1:53  Orbital Command, Reaper  
  18  2:08  Command Center  
  18  2:19  SCV  
  19  2:26  Factory  
  19  2:31  SCV  
  19  2:32  Barracks Reactor  
  20  2:38  Refinery  
  20  2:45  Supply Depot  
  20  2:46  SCV  
  21  3:07  SCV  
  22  3:15  Starport  
  22  3:19  Hellion x2  
  26  3:23  Orbital Command  
  26  3:26  SCV  
  27  3:38  SCV  
  28  3:42  Hellion x2  
  28  3:47  Barracks Tech Lab  
  32  3:50  SCV x2  
  34  3:56  Viking  
  36  4:03  SCV  
  37  4:12  Supply Depot  
  37  4:21  SCV x2  
  39  4:34  Hellion  
  39  4:35  Hellion  
  39  4:36  SCV x2  
  45  4:40  Banshee, Cloaking Field  
  45  4:44  Command Center  
  48  4:48  Supply Depot  
  48  4:50  SCV x2  
  50  4:58  Supply Depot  
  50  5:10  Refinery, SCV x2  
  50  5:11  Refinery, Supply Depot  
  50  5:12  Hellion  
  47  5:30  Banshee  
  47  5:32  Hellion  
  47  5:33  SCV  
  47  5:34  Hellion  
  53  5:36  SCV  
  54  5:45  SCV  
  54  5:48  SCV  
  56  5:50  Factory  
  56  5:56  Factory  
  56  5:58  SCV, Hellion  
  56  6:00  SCV, Hellion  
  56  6:03  Orbital Command  
  62  6:10  SCV  
  63  6:12  SCV  
  64  6:21  Hellion  
  64  6:22  SCV  
  64  6:24  SCV  
  68  6:31  SCV  
  69  6:34  SCV  
  69  6:35  Factory  
  69  6:36  SCV  
  71  6:41  Factory Tech Lab, Siege Tank  
  74  6:50  Hellion  
  76  7:14  Cyclone  
  77  7:20  Factory Tech Lab  
  67  7:28  Hellion x2  
  71  7:36  Siege Tank  
  74  7:39  Infernal Pre-Igniter, Mag-Field Accelerator  
  74  7:40  Cyclone  
  74  7:41  SCV  
  78  7:46  Siege Tank  
  81  7:59  Orbital Command, Supply Depot  
  81  8:01  Hellion x2  
  81  8:04  SCV  
  86  8:06  Armory, Factory  
  86  8:07  Factory  
  86  8:08  SCV  
  87  8:13  Engineering Bay  
  87  8:15  Supply Depot  
  87  8:19  SCV, Cyclone, Siege Tank  
  94  8:23  Cyclone, Hellion  
  99  8:32  Hellion  
  101  8:38  SCV x2  
  101  8:39  SCV  
  104  8:50  Refinery, SCV  
  104  8:51  SCV x2, Supply Depot, Siege Tank  
  104  8:53  Missile Turret, Factory Tech Lab  
  104  8:54  Supply Depot, Factory Reactor, Refinery  
  110  8:57  Supply Depot  
  110  8:59  Siege Tank, Cyclone, Hellion, Armory  
  110  9:00  Terran Vehicle Weapons Level 1  
  118  9:04  SCV  
  119  9:13  SCV x2  
  121  9:21  Cyclone  
  121  9:22  Hellion  
  121  9:23  Hellion  
  121  9:24  Siege Tank, Drilling Claws  
  131  9:26  Smart Servos  
  131  9:29  SCV  
  132  9:32  SCV  
  132  9:36  SCV  
  134  9:41  SCV  
  134  9:44  SCV  
  136  9:46  Cyclone, Siege Tank  
  142  9:55  Supply Depot, Hellion, Widow Mine x2  
  144  10:11  Cyclone, Siege Tank  
  144  10:13  Hellion  
  147  10:33  Cyclone, Siege Tank  
  147  10:34  Hellion  
  113  10:41  Hellion  
  112  10:43  Cyclone, Siege Tank  
  112  10:44  SCV x2, Command Center  
  112  10:45  Terran Vehicle And Ship Armor Level 1, SCV  
  112  10:47  Starport Reactor  
  121  11:00  Sensor Tower  
  121  11:03  Hellion  
  123  11:05  Cyclone, Siege Tank  
  123  11:07  Hellion x2  
  123  11:09  SCV  
  134  11:15  Cyclone, Siege Tank  
  134  11:17  SCV  
  141  11:18  Command Center  
  141  11:20  Factory  
  141  11:27  Hellion  
  143  11:35  Hellion x2, Widow Mine  
  143  11:37  Cyclone, Siege Tank  
  155  11:47  Cyclone  
  155  11:53  Hellion x2  
  155  11:54  Supply Depot x2  
  149  12:15  Siege Tank, Cyclone, Factory Tech Lab  
  155  12:17  Terran Vehicle Weapons Level 2  
  155  12:18  Supply Depot  
  155  12:24  Cyclone, Siege Tank  
  155  12:25  Hellion  
  155  12:29  Refinery x2  
  163  12:30  Hellion x3  
  169  12:46  Hellion  
  169  12:47  Siege Tank, Cyclone  
  177  12:51  Hellion x2  
  177  12:55  Hellion  
  177  12:58  Cyclone  
  183  13:01  Cyclone  
  151  13:14  Liberator  
  151  13:15  Liberator  
  151  13:19  Siege Tank, Cyclone  
  154  13:22  Hellion  
  156  13:28  SCV  
  156  13:30  Siege Tank  
  156  13:32  Engineering Bay  
  156  13:33  Cyclone, Supply Depot  
  160  13:41  Widow Mine  
  160  13:42  Hellion, SCV  
  160  13:43  Terran Vehicle And Ship Armor Level 2  
  160  13:45  SCV x2  
  167  13:57  Supply Depot  
  167  14:00  Supply Depot  
  167  14:01  Liberator  
  167  14:02  Liberator, Supply Depot  
  165  14:12  SCV  
  165  14:13  SCV x2  
  167  14:29  Cyclone, Siege Tank  
  167  14:30  Hellion  
  167  14:31  Cyclone, Siege Tank, Hellion  
  181  14:33  Missile Turret  
  183  14:40  Planetary Fortress  
  183  14:49  Command Center  
  183  15:01  Refinery, Cyclone, Siege Tank  
  183  15:05  Refinery  
  189  15:18  Cyclone  
  189  15:19  Siege Tank, Hellion  
  189  15:29  SCV  
  190  15:51  Cyclone, Siege Tank  
  190  15:52  Hellion  
  158  16:10  Cyclone, Siege Tank, Hellion  
  157  16:24  Cyclone, Siege Tank  
  155  16:26  Hellion  
  155  16:38  Hellion  
  157  16:44  Hellion  
Show
View Real Time Build Order
Export as new Build Order

SoccerMom Zerg 

Build Orders: Hatch First 

Get SALT Encoding   

  8  0:00  Drone  
  9  0:11  Drone  
  10  0:17  Drone  
  11  0:27  Overlord  
  11  0:34  Drone  
  12  0:47  Drone x2  
  14  0:52  Drone  
  15  1:14  Hatchery, Drone  
  15  1:19  Drone  
  16  1:33  Spawning Pool  
  16  1:36  Drone  
  16  1:40  Drone  
  17  1:54  Overlord  
  17  2:06  Drone x2  
  19  2:20  Queen  
  21  2:25  Zergling x2  
  21  2:28  Queen  
  24  2:30  Drone x2  
  24  2:31  Drone  
  27  2:37  Drone  
  28  2:45  Drone  
  28  2:50  Overlord  
  29  2:54  Spore Crawler  
  29  2:55  Drone  
  28  2:59  Drone  
  29  3:06  Drone x2  
  29  3:07  Queen  
  34  3:14  Queen  
  34  3:16  Overlord  
  36  3:20  Drone x2  
  38  3:28  Overlord  
  38  3:34  Overlord  
  38  3:41  Drone x5  
  41  3:47  Extractor  
  44  3:48  Drone x4, Extractor  
  44  3:52  Extractor  
  44  3:59  Drone x2  
  46  4:08  Drone  
  46  4:09  Drone  
  48  4:14  Evolution Chamber  
  48  4:15  Evolution Chamber  
  46  4:18  Drone x6  
  52  4:25  Overlord x2  
  52  4:38  Overlord  
  52  4:39  Hatchery, Overlord  
  52  4:41  Zerg Melee Weapons Level 1  
  52  4:42  Zerg Ground Armor Level 1  
  51  4:55  Hatchery  
  51  4:58  Metabolic Boost  
  50  5:01  Queen  
  52  5:12  Lair  
  52  5:16  Baneling Nest  
  38  5:29  Drone  
  38  5:30  Drone x9  
  48  5:39  Drone  
  48  5:40  Drone x4  
  53  5:50  Drone x5  
  58  6:00  Zergling x2  
  58  6:01  Zergling x8  
  63  6:12  Overlord x3  
  63  6:13  Zergling x4  
  63  6:17  Centrifugal Hooks  
  65  6:21  Baneling x2, Infestation Pit  
  65  6:22  Baneling x3  
  64  6:29  Drone x5  
  69  6:40  Zerg Melee Weapons Level 2  
  69  6:46  Zerg Ground Armor Level 2  
  69  6:47  Zergling x2  
  69  6:48  Zergling x16  
  78  6:56  Drone x4  
  78  6:57  Overlord  
  80  7:03  Overseer x2  
  80  7:04  Spore Crawler  
  80  7:05  Spore Crawler  
  74  7:13  Queen  
  67  7:25  Queen x2  
  67  7:28  Spore Crawler  
  66  7:32  Spore Crawler  
  66  7:35  Queen  
  59  7:54  Queen  
  59  7:57  Drone  
  59  7:58  Drone x11  
  64  8:01  Queen  
  69  8:08  Drone x3  
  69  8:10  Drone x2  
  74  8:15  Extractor  
  74  8:17  Queen  
  75  8:22  Pneumatized Carapace  
  75  8:29  Queen  
  77  8:37  Hatchery  
  76  8:45  Drone  
  76  8:46  Drone, Hive  
  78  8:49  Drone x9  
  78  8:50  Drone  
  78  8:54  Extractor  
  88  9:02  Drone  
  88  9:03  Drone x7  
  88  9:04  Spore Crawler  
  94  9:16  Overlord  
  94  9:19  Drone x3, Extractor x2  
  94  9:22  Drone x3  
  94  9:23  Zergling x2  
  94  9:24  Zergling x12  
  105  9:35  Zergling x2  
  105  9:36  Zergling x8  
  110  9:43  Baneling  
  110  9:44  Baneling x13  
  111  9:45  Zergling x2  
  111  9:46  Zergling x14  
  111  9:49  Spore Crawler  
  117  9:53  Extractor, Drone x3  
  117  9:54  Extractor  
  117  9:55  Drone x3  
  118  10:05  Zergling x12  
  121  10:11  Zerg Ground Armor Level 3, Zerg Melee Weapons Level 3  
  121  10:12  Zergling x6  
  121  10:13  Hatchery  
  122  10:14  Zergling x2  
  122  10:20  Zergling x2  
  122  10:21  Zergling x14  
  102  10:39  Zergling x14  
  108  10:51  Adrenal Glands  
  108  10:55  Extractor  
  108  10:56  Ultralisk Cavern  
  108  10:57  Extractor  
  105  10:59  Drone x3  
  105  11:01  Drone x3  
  111  11:10  Baneling  
  111  11:11  Baneling x16  
  111  11:12  Zergling x10  
  111  11:13  Overlord x6  
  116  11:22  Zergling x10  
  116  11:23  Zergling x6  
  123  11:39  Spore Crawler  
  119  11:40  Drone  
  119  11:41  Drone x6  
  124  11:48  Spore Crawler  
  124  11:50  Spore Crawler  
  91  12:03  Zergling x2  
  91  12:04  Zergling x26  
  103  12:09  Queen, Chitinous Plating  
  105  12:24  Ultralisk x3  
  105  12:25  Ultralisk  
  105  12:29  Baneling  
  129  12:30  Baneling x14  
  128  12:41  Zergling x2  
  128  12:42  Zergling x18  
  138  12:46  Zergling x2  
  138  12:47  Zergling x8  
  133  13:05  Zergling x2  
  125  13:06  Zergling x22  
  125  13:11  Zergling x12  
  128  13:17  Zergling x2  
  128  13:18  Zergling x2  
  128  13:27  Hatchery  
  128  13:28  Anabolic Synthesis  
  128  13:31  Drone x3  
  128  13:35  Drone  
  128  13:36  Drone x2  
  128  13:40  Viper  
  128  13:41  Ultralisk x2  
  145  13:43  Drone x2  
  145  13:44  Drone  
  145  13:45  Hatchery  
  147  13:58  Drone  
  147  13:59  Drone x12  
  150  14:15  Ultralisk x2  
  150  14:16  Overlord x2  
  160  14:24  Spire  
  160  14:28  Overlord  
  160  14:29  Overlord x3  
  159  14:33  Drone x4  
  163  14:45  Ultralisk  
  169  14:46  Ultralisk  
  175  14:57  Baneling x9  
  175  14:58  Baneling x10  
  135  15:15  Ultralisk x2  
  135  15:16  Ultralisk x2  
  132  15:23  Ultralisk  
  132  15:26  Zergling x4  
  132  15:27  Zergling x10  
  134  15:39  Ultralisk  
  134  15:40  Ultralisk  
  146  15:46  Zergling x2  
  146  15:47  Zergling x20  
  134  16:06  Ultralisk x3  
  128  16:11  Baneling x3  
  128  16:12  Baneling  
  125  16:25  Ultralisk x4  
  137  16:27  Zergling x2  
  137  16:30  Zergling x2  
  131  16:36  Zergling x10  
  131  16:37  Zergling x12  
  136  16:43  Zergling x10  
  139  16:50  Zergling x12  
Tags
 
Add a new tag
Caveats
  • Supply blocks, unpowered buildings, or Contaminate may cause inaccurate times.
  • Supply counts are checked every 10 seconds.